 Seeded DCSS version 0.31-b1-22-gc680215f68 (webtiles) character file.

Game seed: 2 (custom seed)

136439 Kazon the Unseen (level 16, -18/110 HPs)
             Began as an Octopode Shapeshifter on Jan 16, 2024.
             Was the Champion of Okawaru.
             Shot with an arrow by a naga sharpshooter (26 damage)
             ... led by Vashnia
             ... on level 2 of the Snake Pit on Jan 18, 2024.
             The game lasted 03:01:54 (20285 turns).

Kazon the Unseen (Octopode Shapeshifter)           Turns: 20285, Time: 03:01:55

Health: -18/110    AC:  6    Str: 17    XL:     16   Next: 98%
Magic:  24/24      EV: 20    Int: 17    God:    Okawaru [******]
Gold:   2170       SH: 15    Dex: 23    Spells: 15/15 levels left

rFire   + . .        y - +9 quick blade of Doom {drain, rPois}
rCold   + + +        c - +2 kite shield {reflect}
rNeg    . . .        d - +1 hat of Vorghib {Will++ Regen+ rCorr Str-2}
rPois   +            J - amulet of regeneration
rElec   .            k - +4 ring of slaying
rCorr   +            o - +4 ring of protection
SInv    .            E - ring "Xab Enn" {rCorr Str+5}
Will    +++..        i - ring "Comietud" {rPois rC+ Int+3 Stlth+}
Stlth   +++++++++    K - +6 ring of dexterity
HPRegen 1.98/turn    L - ring of protection from cold
MPRegen 0.19/turn    m - ring of protection from fire
                     Y - ring of protection from cold

%: reflection
@: no status effects
A: almost no armour, amphibious, 8 rings, camouflage 1, gelatinous body 1,
(nimble swimmer 1), tentacles
a: Renounce Religion, Heroism, Finesse, Duel


You were on level 2 of the Snake Pit.
You worshipped Okawaru.
Okawaru was exalted by your worship.
You visited 5 branches of the dungeon, and saw 25 of its levels.
You also visited: Ossuary, Bailey and Gauntlet.

You collected 2760 gold pieces.
You spent 590 gold pieces at shops.

Inventory:

Hand Weapons
 e - a +5 short sword of venom
 s - the +8 short sword of Paper {freeze, rElec rPois Dex-2}
   (You bought it in a shop on level 2 of the Orcish Mines)

   Dex-2:     It affects your dexterity (-2).
   rElec:     It insulates you from electricity.
   rPois:     It protects you from poison
 y - the +9 quick blade of Doom (weapon) {drain, rPois}
   (Okawaru gifted it to you on level 5 of the Lair of Beasts)

   rPois:     It protects you from poison
Missiles
 h - 7 datura-tipped darts
 n - 14 poisoned darts
 t - 14 boomerangs
 w - 2 darts of dispersal
 P - 6 javelins
 Q - 4 atropa-tipped darts (quivered)
 Z - 22 silver javelins
Armour
 c - a +2 kite shield of reflection (worn)
 d - the +1 hat of Vorghib (worn) {Will++ Regen+ rCorr Str-2}
   (Okawaru gifted it to you on level 5 of the Lair of Beasts)

   Str-2:     It affects your strength (-2).
   Will++:    It greatly increases your willpower.
   Regen+:    It increases your rate of health regeneration.
   rCorr:     It protects you from acid and corrosion.
Jewellery
 i - the ring "Comietud" (on tentacle) {rPois rC+ Int+3 Stlth+}
   (You took it off a minotaur in a Gauntlet)

   [ring of poison resistance]

   Int+3:     It affects your intelligence (+3).
   rC+:       It protects you from cold.
   rPois:     It protects you from poison Stlth+: It makes you more stealthy.
 k - a +4 ring of slaying (left tentacle)
 m - a ring of protection from fire (on tentacle)
 o - a +4 ring of protection (right tentacle)
 E - the ring "Xab Enn" (on tentacle) {rCorr Str+5}
   (You found it in a Gauntlet)

   [ring of resist corrosion]

   Str+5:     It affects your strength (+5).
   rCorr:     It protects you from acid and corrosion.
 J - an amulet of regeneration (around mantle)
 K - a +6 ring of dexterity (on tentacle)
 L - a ring of protection from cold (on tentacle)
 Y - a ring of protection from cold (on tentacle)
Talismans
 B - a flux talisman
Wands
 b - a wand of polymorph (4)
 j - a wand of flame (6)
 F - a wand of paralysis (19)
 N - a wand of mindburst (6)
 O - a wand of light (22)
 W - a wand of iceblast (6)
Scrolls
 f - 4 scrolls of immolation
 g - a scroll of poison
 l - 10 scrolls of teleportation
 p - a scroll of fog
 q - a scroll of brand weapon
 R - 2 scrolls of fear
 S - 6 scrolls of revelation
 X - 3 scrolls of blinking
Potions
 a - 8 potions of lignification
 r - 9 potions of might
 u - 5 potions of enlightenment
 x - 3 potions of cancellation
 z - 7 potions of curing
 A - 2 potions of resistance
 C - 7 potions of heal wounds
 D - 2 potions of mutation
 G - 3 potions of berserk rage
 H - 5 potions of haste
 I - 3 potions of ambrosia
 U - 2 potions of invisibility
Miscellaneous
 v - a condenser vane (inert)
 M - a phial of floods
 T - a lightning rod (4/4)


   Skills:
 * Level 10.4 Fighting
 * Level 12.9 Short Blades
 + Level 0.7(8.3) Long Blades
 * Level 12.4 Throwing
 * Level 10.3 Dodging
 + Level 16.6 Stealth
 * Level 9.9 Shields
 + Level 3.5 Unarmed Combat
 * Level 10.8 Invocations
 + Level 6.4 Evocations
 + Level 6.9 Shapeshifting


You had 15 spell levels left.
You didn't know any spells.
Your spell library contained the following spells:

 Spells                   Type           Power      Damage    Failure   Level
 Apportation              Tloc           0%         N/A       43%         1
 Kiss of Death            Conj/Necr      0%         2d5       43%         1
 Sandblast                Erth           0%         2d4       43%         1
 Sting                    Conj/Alch      0%         1d3       43%         1
 Jinxbite                 Hex            0%         N/A       58%         2
 Mercury Vapours          Alch/Air       0%         N/A       58%         2
 Sublimation of Blood     Necr           0%         N/A       58%         2
 Confusing Touch          Hex            0%         N/A       82%         3
 Gell's Gravitas          Tloc           0%         N/A       82%         3
 Inner Flame              Hex/Fire       0%         N/A       82%         3
 Passwall                 Erth           0%         N/A       82%         3
 Stone Arrow              Conj/Erth      0%         3d7       82%         3
 Teleport Other           Tloc           0%         N/A       82%         3
 Brom's Barrelling Bould  Conj/Erth      0%         2d3       99%         4
 Dispel Undead            Necr           0%         3d6       99%         4
 Manifold Assault         Tloc           0%         N/A       99%         4
 Olgreb's Toxic Radiance  Alch           0%         N/A       99%         4
 Passage of Golubria      Tloc           0%         N/A       99%         4
 Petrify                  Alch/Erth      0%         N/A       99%         4
 Alistair's Intoxication  Alch           0%         N/A       100%        5
 Irradiate                Conj/Alch      0%         3d11      100%        5
 Silence                  Hex/Air        0%         N/A       100%        5
 Yara's Violent Unravell  Hex/Alch       0%         3d3       100%        5
 Dispersal                Tloc           0%         N/A       100%        6
 Disjunction              Tloc           0%         N/A       100%        8
 Ignition                 Fire           0%         3d3       100%        8
 Lehudib's Crystal Spear  Conj/Erth      0%         10d2      100%        8
 Chain Lightning          Conj/Air       0%         N/A       100%        9
 Fire Storm               Conj/Fire      0%         5d1       100%        9
 Shatter                  Erth           0%         3d5*      100%        9
 Call Imp                 Summ           Unusable   N/A       N/A         2
 Tukima's Dance           Hex            Unusable   N/A       N/A         3
 Summon Hydra             Summ           Unusable   N/A       N/A         7

Dungeon Overview and Level Annotations

Branches:
Dungeon (15/15)            Temple (1/1) D:5            Lair (5/5) D:9
  Swamp (0/4) Lair:2        Snake (2/4) Lair:3        Slime (0/5) Lair:5
    Orc (2/2) D:9             Elf (0/3) Orc:2        Vaults (0/5) D:13
 Depths (0/4) D:15        Ossuary (visited)          Bailey (visited)
Gauntlet (visited)

Altars:
Ashenzari
Cheibriados
Dithmenos
Elyvilon
Fedhas
Gozag
Hepliaklqana
Kikubaaqudgha
Makhleb
Nemelex Xobeh
Okawaru
Qazlal
Ru
Sif Muna
Trog
Uskayaw
Vehumet
Wu Jian
Xom
Yredelemnul
Zin
The Shining One
Jiyva
Lugonu

Shops:
D:2 (   D:3 (   D:10 *   D:12 (   Orc:1 :   Orc:2 (=*[   Snake:1 [*

Portals:
Abyss: Lair:5
Trove: D:13 (give 5 potions of resistance)

Annotations:
Lair:3 3 runed translucent doors, rozman's ghost, journeyman MfSh
Snake:2 1 runed translucent door, Mesuenwa's ghost, adept DEHW; Vashnia


Innate Abilities, Weirdness & Mutations

You cannot wear most types of armour.
You are amphibious.
You can wear up to eight rings at the same time.
Your skin changes colour to match your surroundings (Stealth+).
Your rubbery body absorbs attacks. (AC +1, EV +1)
((You are camouflaged when in or above water. (Stealth+)))
You have tentacles for arms and can constrict up to eight enemies at once.


Message History

The naga sharpshooter gestures wildly while chanting.
The naga sharpshooter magically shoots an arrow.
The arrow misses you. Vashnia spits poison at you.
The splash of poison hits you.
You are more poisoned.
You resist.
The naga sharpshooter mumbles some strange words.
The naga sharpshooter magically shoots an arrow.
The arrow hits you but does no damage.
You feel extremely sick.
The naga sharpshooter is engulfed in freezing vapours.
The naga sharpshooter shoots an arrow.
You block the arrow with your +2 kite shield of reflection... and reflect it back!
The arrow hits the naga sharpshooter!
The naga sharpshooter shoots an arrow.
You block the arrow with your +2 kite shield of reflection... and reflect it back!
The arrow hits the naga sharpshooter!
Vashnia shoots a bolt.
You block the bolt with your +2 kite shield of reflection... and reflect it back!
The bolt hits Vashnia!!!
You feel very sick.
The naga sharpshooter spits poison at you.
Your +2 kite shield of reflection blocks the splash of poison... and reflects it back!
The splash of poison hits the naga sharpshooter.
The naga sharpshooter shoots an arrow.
The arrow hits you!!
* * * LOW HITPOINT WARNING * * *
The naga sharpshooter spits poison at you.
The splash of poison misses you.
You feel very sick.
The naga sharpshooter shoots an arrow.
You block the arrow with your +2 kite shield of reflection... and reflect it back!
The arrow closely misses the naga sharpshooter.
The naga sharpshooter shoots an arrow.
The arrow hits you!
* * * LOW HITPOINT WARNING * * *
The naga sharpshooter shoots an arrow.
The arrow hits you!
* * * LOW HITPOINT WARNING * * *
Vashnia casts a spell.
Vashnia magically shoots a bolt.
You block the bolt with your +2 kite shield of reflection... and reflect it back!
You feel better.
The naga sharpshooter shoots an arrow.
The arrow hits you!!
You die...

################
#.......§§.§§..#
#.......NN§N○..#
#.......§§§.N..#
#......§))§....#
#......§.§...>.#
####.....#....# #
######....# ..# #
#...##@...# # #
#....'....# #
#...##....# ##
###'#####.#
.############.###
+#
................#
................#
................#
#####......######


You could see Vashnia and 3 naga sharpshooters.

Vanquished Creatures
  Rupert (D:13)
  Donald (Orc:2)
  Roxanne (Snake:2)
  2 orc warlords
  A minotaur (Gauntlet)
  Fannar (D:10)
  2 ogre magi
  Harold (D:11)
  A vault guard (D:13)
  A catoblepas (Lair:1)
  7 hydras
  3 anacondas (Snake:1)
  4 centaur warriors
  3 boulder beetles
  A deep troll earth mage (D:15)
  2 two-headed ogres
  3 tengu warriors
  3 death yaks
  3 orc high priests
  5 naga sharpshooters
  An occultist (D:15)
  4 thrashing horrors (Lair:5)
  4 naga warriors (Snake:1)
  Urug (D:10)
  2 shock serpents (Snake:1)
  A deep elf knight (D:9)
  2 skysharks (Lair:5)
  6 skeletal warriors
  2 sea snakes (Snake:1)
  2 naga ritualists (Snake:1)
  4 large abominations
  7 orc knights
  2 mana vipers (Snake:1)
  7 deep elf pyromancers
  Maurice (D:11)
  4 orc sorcerers (Orc:2)
  6 ugly things
  4 salamanders
  3 manticores (D:15)
  5 cyclopes
  3 meliai (D:13)
  A meliai (shapeshifter) (D:14)
  12 elephants
  A black mamba (shapeshifter) (D:9)
  3 kobold blastminers (Orc:2)
  3 smoke demons (Lair:5)
  25 black mambas
  A guardian serpent (Snake:1)
  A gargoyle (D:11)
  An ice statue (D:12)
  6 naga magi
  8 cane toads
  2 torpor snails
  14 komodo dragons
  Jeremiah (D:7)
  An efreet (D:14)
  3 ice devils (Lair:3)
  2 rime drakes
  2 tengu conjurers (Gauntlet)
  7 trolls
  A wind drake (shapeshifter) (Lair:5)
  4 merfolk (D:15)
  4 polar bears
  A hornet (D:10)
  12 dream sheep
  A raiju (Lair:5)
  23 blink frogs
  2 centaur simulacra (D:14)
  4 slime creatures (D:12)
  A vampire (D:12)
  A wraith (D:12)
  3 shadows (Gauntlet)
  2 ynoxinuls (Lair:5)
  A dire elephant simulacrum (Lair:3)
  5 water elementals
  14 humans
  6 basilisks
  3 wargs (Orc:2)
  4 wyverns
  35 yaks
  Grum (D:10)
  6 vampire mosquitoes (D:13)
  A steam dragon (D:8)
  18 nagas
  13 water moccasins
  5 ice beasts
  A black bear (shapeshifter) (D:14)
  A sky beast (D:6)
  3 black bears
  11 small abominations
  35 orc warriors
  15 centaurs
  7 ogres
  16 wolves
  A phantom (D:4)
  2 gnoll sergeants
  10 bullfrogs
  2 scorpions
  6 water moccasin zombies (Ossuary)
  2 wights (D:8)
  A burial acolyte (Ossuary)
  5 killer bees (D:10)
  A howler monkey (D:11)
  7 electric eels
  2 bombardier beetles
  4 jellies
  12 orc priests
  2 hounds
  2 iguanas
  18 orc wizards
  A troll simulacrum (Lair:3)
  3 hell rats (D:9)
  2 crocodile zombies (Ossuary)
  A bullfrog simulacrum (Ossuary)
  2 mummies (Ossuary)
  5 gnolls (D:6)
  7 adders
  A naga simulacrum (Lair:3)
  A shadow imp (D:8)
  5 white imps
  2 ufetubi (D:6)
  4 adder zombies (Ossuary)
  3 dart slugs
  A ribbon worm (D:2)
  72 orcs
  3 ball pythons
  5 bats
  16 endoplasms
  2 giant cockroaches (D:3)
  10 gnoll zombies (Ossuary)
  12 goblins
  2 hobgoblins
  2 jackals (D:3)
  9 quokkas
  2 frilled lizards
  2 jackal zombies (Ossuary)
  2 kobolds
  4 orc zombies (Ossuary)
  4 rats
733 creatures vanquished.

Vanquished Creatures (collateral kills)
  An ironbound thunderhulk (D:13)
  A vault guard (D:13)
2 creatures vanquished.

Vanquished Creatures (others)
  A blink frog (Lair:5)
  A yak (Lair:3)
  A small abomination (Lair:5)
  An orc (Orc:2)
4 creatures vanquished.

Grand Total: 739 creatures vanquished

Notes
Turn   | Place    | Note
-------+----------+-------------------------------------------
     0 | D:1      | Kazon the Octopode Shapeshifter began the quest for the
                  | Orb.
     0 | D:1      | Reached XP level 1. HP: 13/13 MP: 1/1
    51 | D:1      | Reached XP level 2. HP: 15/18 MP: 2/2
   688 | D:2      | Upgraded the game from 0.31-b1-18-g61460d1e46 to
                  | 0.31-b1-20-g67cafac56d
   718 | D:2      | Reached XP level 3. HP: 23/23 MP: 3/3
   871 | D:2      | Reached skill level 1 in Stealth
   898 | D:2      | Found Weaqack's Weapon Shop.
   919 | D:2      | Reached XP level 4. HP: 28/28 MP: 4/4
  1082 | D:3      | Found Hivuethe's Antique Weapon Shoppe.
  1148 | D:3      | Noticed an ogre
  1156 | D:3      | Reached skill level 2 in Stealth
  1160 | D:3      | Killed an ogre
  1161 | D:3      | Reached skill level 1 in Short Blades
  1161 | D:3      | Reached skill level 3 in Stealth
  1161 | D:3      | Reached XP level 5. HP: 28/33 MP: 3/5
  1165 | D:3      | Found a shimmering altar of Xom.
  1349 | D:3      | Found a shimmering altar of Xom.
  1351 | D:3      | Found a shimmering altar of Xom.
  1518 | D:4      | Reached skill level 4 in Stealth
  1599 | D:4      | Noticed a phantom
  1606 | D:4      | Killed a phantom
  1607 | D:4      | Reached skill level 1 in Throwing
  1607 | D:4      | Reached skill level 5 in Stealth
  1607 | D:4      | Reached XP level 6. HP: 38/38 MP: 6/6
  1629 | D:4      | Found a sacrificial altar of Ru.
  1887 | D:5      | Entered Level 5 of the Dungeon
  1898 | D:5      | Reached skill level 6 in Stealth
  1929 | D:5      | Reached XP level 7. HP: 43/43 MP: 7/7
  1968 | D:5      | Reached skill level 7 in Stealth
  2045 | D:5      | Found a sand-covered staircase.
  2055 | Ossuary  | Entered an ossuary
  2127 | Ossuary  | Reached skill level 8 in Stealth
  2208 | Ossuary  | Reached XP level 8. HP: 47/50 MP: 8/8
  2223 | Ossuary  | Reached skill level 1 in Shields
  2552 | D:5      | Found a staircase to the Ecumenical Temple.
  2564 | Temple   | Entered the Ecumenical Temple
  2571 | Temple   | Became a worshipper of Warmaster Okawaru
  2798 | D:5      | Reached skill level 9 in Stealth
  2989 | D:6      | Reached skill level 1 in Invocations
  3160 | D:6      | Reached XP level 9. HP: 55/55 MP: 10/10
  3352 | D:6      | Reached * piety under Okawaru
  3632 | D:7      | Noticed Jeremiah
  3641 | D:7      | Killed Jeremiah
  3824 | D:7      | Reached skill level 10 in Stealth
  3877 | D:7      | Reached skill level 5 in Short Blades
  3970 | D:7      | Found a flagged portal.
  3991 | Bailey   | Entered a bailey
  4158 | Bailey   | Found a large runed translucent door.
  4158 | Bailey   | Found a large runed translucent door.
  4159 | Bailey   | Noticed an orc knight
  4161 | Bailey   | Noticed a deep elf pyromancer
  4200 | Bailey   | Reached ** piety under Okawaru
  4212 | Bailey   | Killed an orc knight
  4212 | Bailey   | Reached *** piety under Okawaru
  4213 | Bailey   | Reached skill level 1 in Evocations
  4213 | Bailey   | Reached XP level 10. HP: 21/63 MP: 12/12
  4405 | Bailey   | Killed a deep elf pyromancer
  4406 | Bailey   | Reached skill level 5 in Shapeshifting
  4420 | Bailey   | Identified the +5 ring mail of the Moneychanger {Will+
                  | Str+2}
  4514 | D:7      | Noticed a deep elf pyromancer
  4536 | D:7      | Killed a deep elf pyromancer
  4888 | D:9      | Noticed a death yak
  4889 | D:9      | Noticed a death yak
  4891 | D:9      | Found a staircase to the Lair.
  4894 | D:9      | Noticed a death yak
  4895 | D:9      | Killed a death yak
  4926 | D:8      | Killed a death yak
  4926 | D:8      | Reached **** piety under Okawaru
  4927 | D:8      | Reached skill level 5 in Dodging
  4927 | D:8      | Reached skill level 11 in Stealth
  5451 | D:8      | Reached skill level 5 in Fighting
  5451 | D:8      | Reached skill level 5 in Throwing
  5728 | D:9      | Killed a death yak
  5728 | D:9      | Reached ***** piety under Okawaru
  5729 | D:9      | Reached XP level 11. HP: 14/72 MP: 14/14
  5835 | D:9      | Found an ancient bone altar of Kikubaaqudgha.
  5873 | D:9      | Identified the +5 scale mail of Ruestycs {rF- Regen+ Str+2}
  5912 | D:9      | Noticed a two-headed ogre
  5923 | D:9      | Killed a two-headed ogre
  5924 | D:9      | Reached skill level 5 in Invocations
  5951 | D:9      | Received a gift from Okawaru
  6090 | D:9      | Found a staircase to the Orcish Mines.
  6171 | D:9      | Found a runed translucent door.
  6171 | D:9      | Noticed a green ugly thing
  6172 | D:9      | Noticed an ogre mage
  6174 | D:9      | Killed a green ugly thing
  6177 | D:9      | Killed an ogre mage
  6195 | D:9      | Noticed a purple ugly thing
  6197 | D:9      | Killed a purple ugly thing
  6198 | D:9      | Noticed a deep elf knight
  6200 | D:9      | Killed a deep elf knight
  6203 | D:9      | Reached skill level 5 in Shields
  6219 | D:9      | Identified the +0 ring mail "Huforom" {rF+}
  6346 | D:10     | Entered Level 10 of the Dungeon
  6349 | D:10     | Noticed Fannar
  6358 | D:10     | Killed Fannar
  6575 | D:10     | Noticed Grum
  6594 | D:10     | Killed Grum
  6594 | D:10     | Received a gift from Okawaru
  6775 | D:10     | Noticed a green ugly thing
  6793 | D:10     | Killed a green ugly thing
  6911 | D:10     | Found Kynau's Lightly-Used Armoury.
  6941 | D:10     | Noticed Urug
  6949 | D:10     | Killed Urug
  6950 | D:10     | Reached skill level 5 in Evocations
  6950 | D:10     | Reached XP level 12. HP: 79/79 MP: 8/16
  7113 | Orc:1    | Entered Level 1 of the Orcish Mines
  7131 | Orc:1    | Found Cigidal's Book Shop.
  7199 | Orc:1    | Noticed a two-headed ogre
  7210 | Orc:1    | Killed a two-headed ogre
  7215 | Orc:1    | Noticed an orc high priest
  7424 | Orc:1    | Killed an orc high priest
  7788 | Orc:1    | Received a gift from Okawaru
  7975 | Orc:2    | Entered Level 2 of the Orcish Mines
  7975 | Orc:2    | Found a staircase to the Elven Halls.
  7989 | Orc:2    | Noticed an orc high priest
  8078 | Orc:2    | Noticed a soul eater
  8084 | Orc:2    | Noticed a soul eater
  8154 | Lair:1   | Entered Level 1 of the Lair of Beasts
  8310 | Lair:1   | Identified the amulet of the City {Spirit rCorr Str+4 Int+2
                  | Slay-6}
  8322 | Lair:1   | Noticed a catoblepas
  8331 | Lair:1   | Found a gate leading to a gauntlet.
  8347 | Lair:1   | Killed a catoblepas
  8373 | Gauntlet | Entered a Gauntlet
  8373 | Gauntlet | Found a transporter.
  8377 | Gauntlet | Noticed a tengu warrior
  8381 | Gauntlet | Found a transporter.
  8383 | Gauntlet | Found a transporter.
  8385 | Gauntlet | Found a transporter.
  8413 | Gauntlet | Found a transporter.
  8415 | Gauntlet | Found a transporter.
  8436 | Gauntlet | Found a transporter.
  8446 | Gauntlet | Found a transporter.
  8453 | Gauntlet | Noticed an occultist
  8454 | Gauntlet | Found a transporter.
  8471 | Gauntlet | Found a transporter.
  8490 | Gauntlet | Found a transporter.
  8516 | Gauntlet | Found a transporter.
  8538 | Gauntlet | Found a transporter.
  8554 | Gauntlet | Found a large runed translucent door.
  8555 | Gauntlet | Found a large runed translucent door.
  8556 | Gauntlet | Found a large runed translucent door.
  8556 | Gauntlet | Found a large runed translucent door.
  8557 | Gauntlet | Found a runed translucent gate.
  8558 | Gauntlet | Found a transporter.
  8558 | Gauntlet | Found a runed translucent gate.
  8559 | Gauntlet | Found a runed translucent gate.
  8560 | Gauntlet | Found a large runed translucent door.
  8560 | Gauntlet | Found a large runed translucent door.
  8560 | Gauntlet | Found a runed translucent door.
  8560 | Gauntlet | Found a runed translucent door.
  8560 | Gauntlet | Noticed a great orb of eyes
  8561 | Gauntlet | Found a large runed translucent door.
  8562 | Gauntlet | Found a large runed translucent door.
  8567 | Gauntlet | Found a large runed translucent door.
  8567 | Gauntlet | Found a large runed translucent door.
  8568 | Gauntlet | Found a large runed translucent door.
  8569 | Gauntlet | Found a large runed translucent door.
  8574 | Gauntlet | Found a transporter.
  8596 | Gauntlet | Found a transporter.
  8608 | Gauntlet | Found a large runed translucent door.
  8609 | Gauntlet | Found a large runed translucent door.
  8610 | Gauntlet | Found a large runed translucent door.
  8610 | Gauntlet | Found a large runed translucent door.
  8612 | Gauntlet | Found a transporter.
  8614 | Gauntlet | Found a transporter.
  8849 | Gauntlet | Killed a tengu warrior
  8850 | Gauntlet | Reached skill level 12 in Stealth
  8947 | Gauntlet | Received a gift from Okawaru
  9115 | Gauntlet | Identified the ring "Xab Enn" {rCorr Str+5}
  9201 | Gauntlet | Identified the ring "Comietud" {rPois rC+ Int+3 Stlth+}
  9201 | Gauntlet | Noticed a minotaur
  9225 | Gauntlet | Killed a minotaur
  9226 | Gauntlet | Reached XP level 13. HP: 25/86 MP: 18/18
 10299 | Lair:2   | Found a staircase to the Swamp.
 10627 | Lair:3   | Found a staircase to the Snake Pit.
 10713 | Lair:3   | Reached skill level 13 in Stealth
 10939 | Lair:3   | Identified the +1 broad axe "Kail" {venom, ^Fragile rElec
                  | Will+ Dex+4}
 11044 | Lair:3   | Received a gift from Okawaru
 11077 | Lair:3   | Found a runed translucent gate.
 11077 | Lair:3   | Found a runed translucent gate.
 11077 | Lair:3   | Found a runed translucent gate.
 11077 | Lair:3   | You fall into a shaft and drop 1 floor!
 11081 | Lair:4   | Upgraded the game from 0.31-b1-20-g67cafac56d to
                  | 0.31-b1-22-gc680215f68
 11235 | Lair:3   | Noticed rozman's ghost (journeyman MfSh)
 11420 | Lair:3   | Reached skill level 10 in Short Blades
 12030 | Lair:4   | Reached XP level 14. HP: 86/93 MP: 20/20
 12348 | Lair:5   | Entered Level 5 of the Lair of Beasts
 12405 | Lair:5   | Received a gift from Okawaru
 12690 | Lair:5   | Got an earthy gem with 331 turns to spare
 12743 | Lair:5   | Reached ****** piety under Okawaru
 12752 | Lair:5   | Acquired the +1 hat of Vorghib {Will++ Regen+ rCorr Str-2}
 12752 | Lair:5   | Received a gift from Okawaru
 12843 | Lair:5   | Acquired the +9 quick blade of Doom {drain, rPois}
 12843 | Lair:5   | Received a gift from Okawaru
 12904 | Lair:5   | Reached skill level 14 in Stealth
 12925 | Lair:5   | Received a gift from Okawaru
 13048 | Lair:5   | Lost the earthy gem through the power of Zot.
 13066 | Lair:5   | Found a staircase to the Slime Pits.
 13066 | Lair:5   | Found a viscous altar of Jiyva.
 13354 | Lair:5   | Reached skill level 10 in Throwing
 13555 | Lair:5   | Received a gift from Okawaru
 13577 | Lair:5   | Found a corrupted altar of Lugonu.
 13580 | Lair:5   | Found a one-way gate to the infinite horrors of the Abyss.
 13798 | Orc:1    | Reached XP level 15. HP: 73/100 MP: 12/21
 13813 | Orc:2    | Noticed an orc warlord
 13843 | Orc:1    | Noticed an orc warlord
 13862 | Orc:1    | Killed an orc warlord
 13963 | Orc:2    | Found Panweav's General Store.
 13972 | Orc:2    | Killed an orc warlord
 14153 | Orc:2    | Found Wifut's Antique Armour Emporium.
 14358 | Orc:2    | Found Uhyetixa's Antique Weapon Emporium.
 14417 | Orc:2    | Bought a fine short sword for 176 gold pieces
 14417 | Orc:2    | Identified the +8 short sword of Paper {freeze, rElec rPois
                  | Dex-2} (You bought it in a shop on level 2 of the Orcish
                  | Mines)
 14417 | Orc:2    | Bought a faintly glowing rapier for 198 gold pieces
 14417 | Orc:2    | Identified the +1 rapier of the Disturbing Yaks {drain,
                  | rElec rC+ Will+ Int+8} (You bought it in a shop on level 2
                  | of the Orcish Mines)
 14470 | Orc:2    | Noticed Donald
 14480 | Orc:2    | Killed Donald
 14480 | Orc:2    | Received a gift from Okawaru
 14523 | Orc:2    | Found Juezomm's Jewellery Boutique.
 14921 | D:11     | Found a glowing golden altar of the Shining One.
 14984 | D:11     | Noticed Maurice
 15006 | D:11     | Killed Maurice
 15007 | D:11     | Reached skill level 15 in Stealth
 15120 | D:11     | Noticed Harold
 15130 | D:11     | Identified the +5 mace "Trog's Righteous Anger" {venom,
                  | ^Contam rC+ rCorr SInv}
 15154 | D:11     | Killed Harold
 15831 | D:12     | Received a gift from Okawaru
 16036 | D:12     | Found Wavokk's Antique Weapon Emporium.
 16053 | D:12     | Bought a steaming rapier for 216 gold pieces
 16053 | D:12     | Identified the +6 rapier "Plog" {drain, rN++ Int-2} (You
                  | bought it in a shop on level 12 of the Dungeon)
 16542 | D:13     | Reached skill level 10 in Invocations
 16546 | D:13     | Received a gift from Okawaru
 16624 | D:13     | Noticed Rupert
 16648 | D:13     | Killed Rupert
 16787 | D:13     | Found a portal to a secret trove of treasure.
 16853 | D:13     | Found a gate to the Vaults.
 16984 | D:14     | Reached XP level 16. HP: 71/108 MP: 23/23
 17707 | D:15     | Entered Level 15 of the Dungeon
 17806 | D:15     | Reached skill level 16 in Stealth
 18062 | D:15     | Found a staircase to the Depths.
 18066 | D:15     | Received a gift from Okawaru
 18329 | D:15     | Reached skill level 10 in Fighting
 18369 | D:15     | Found a shimmering altar of Xom.
 18865 | Snake:1  | Entered Level 1 of the Snake Pit
 19016 | Snake:1  | Received a gift from Okawaru
 19126 | Snake:1  | Reached skill level 10 in Dodging
 19127 | Snake:1  | Found Beynan's General Store.
 19162 | Snake:1  | Found Teneov's Armour Shop.
 19372 | Snake:1  | Received a gift from Okawaru
 19763 | Snake:2  | Noticed Roxanne
 19819 | Snake:2  | Killed Roxanne
 20150 | Snake:2  | Noticed Mesuenwa's ghost (adept DEHW)
 20151 | Snake:2  | Found a runed translucent door.
 20273 | Snake:2  | Noticed Vashnia
 20284 | Snake:2  | HP: 1/110 [naga sharpshooter/arrow[Vashnia] (8)]
 20285 | Snake:2  | Shot with an arrow by a naga sharpshooter

Illustrated notes

Levels and vault maps discovered:
D:1:      lightli_arrival_noodles, layout_loops_ring, skrybe_limestone_x
D:2:      layout_rooms, serial_shops, shop
D:3:      layout_basic, xom_redecorated, serial_shops, nicolae_shop_stone
D:4:      layout_rooms, mainiacjoe_overflow_six_doors_small,
          minmay_misc_feat_five
D:5:      layout_loops_ring, temple_pool_b, mainiacjoe_ossuary_entry_dusty_tomb
D:6:      layout_loops_ring, dk_noncrumbling_3
D:7:      layout_loops_cross, enter_bailey_5, guppyfry_early_elven_hall,
          uniq_jeremiah
D:8:      layout_basic
D:9:      cheibrodos_helix_gallery, layout_basic, lemuel_crystal_altar,
          dpeg_lair_monsters, orc_0_dummy, minivault_13
D:10:     layout_irregular_city, minmay_shop_damaged, minmay_misc_feat_tiny,
          uniq_fannar, uniq_urug, uniq_grum
D:11:     layout_basic, tso_oasis_becter, uniq_maurice, uniq_harold
D:12:     layout_basic, serial_shops, shop, minivault_16
D:13:     layout_rooms, hellmonk_vaults_keyhole, enter_trove_6, uniq_rupert
D:14:     layout_loops_corners, serial_ice, serial_ice_g, serial_ice_j,
          serial_ice_b, serial_ice_o
D:15:     hellmonk_depths_entry_around_the_bend, layout_long_grid,
          minmay_misc_feat_more_columns, roadster_trireme
Temple:   hellmonk_temple_of_storms
Lair:1:   layout_gridlike, gauntlet_entry_generic, columned_hall_lemuel,
          beast_lair_carwin_11, grunt_megastairs_2
Lair:2:   layout_cave_pods, mainiacjoe_swamp_entry_lozenge_pond,
          grunt_megastairs_5
Lair:3:   dreamdust_isle_of_ice, layout_regular_city,
          minmay_snake_entry_guardpost_small, gammafunk_ghost_split
Lair:4:   layout_loops_ring
Lair:5:   hellmonk_lair_end_abyssal_woods, layout_cellular_growth,
          nicolae_slime_entry_slimehenge, lemuel_fruit_fields,
          grunt_megastairs_3
Snake:1:  layout_gridlike, serial_bayou_shore_a, nicolae_triple_integral,
          minmay_shoptagon
Snake:2:  layout_grid_maze, hellmonk_ghost_happy_afterlife, serial_shops,
          nicolae_shop_tiny_statue_garden, uniq_roxanne, uniq_vashnia,
          uniq_frances
Orc:1:    layout_diamond_mine, serial_shops, nicolae_shop_crystal,
          lightli_church_of_beogh
Orc:2:    grunt_orc_gardens, layout_diamond_mine, grunt_orc_garden,
          grunt_orc_garden, grunt_orc_garden, grunt_orc_garden, uniq_donald

Skill      XL: |  1  2  3  4  5  6  7  8  9 10 11 12 13 14 15 16 |
---------------+-------------------------------------------------+-----
Stealth        | 1 3 5 6 8 9 10 11 12 13 14 15 16 | 16.6
Short Blades   | 1 2 4 5 6 8 9 10 11 12 | 12.9
Shapeshifting  | 4 5 6 |  6.9
Throwing       | 1 2 3 4 5 6 7 8 10 11 12 | 12.4
Fighting       | 2 4 5 6 7 8 9 10 | 10.4
Dodging        | 3 4 5 6 7 8 9 10 | 10.3
Shields        | 2 3 4 5 6 7 8 9 |  9.9
Invocations    | 1 3 4 6 7 8 9 10 | 10.8
Evocations     | 1 3 5 6 |  6.4
Long Blades    | |  0.7
Unarmed Combat | |  3.5

Action                     |  1- 3 |  4- 6 |  7- 9 | 10-12 | 13-15 | 16-18 || total
---------------------------+-------+-------+-------+-------+-------+-------++-------
  Melee: Unarmed           |     5 |       |       |       |       |       ||     5
         Dagger            |    37 |    47 |   175 |    52 |       |       ||   311
         Tentacles         |     9 |     6 |    49 |   115 |   262 |    99 ||   540
         Constrict         |    12 |     5 |    43 |    59 |    87 |    40 ||   246
         Punch             |       |     1 |     6 |    15 |    57 |    17 ||    96
         Rapier            |       |       |       |   200 |    58 |       ||   258
         Short sword       |       |       |       |   147 |   265 |       ||   412
         Scimitar          |       |       |       |       |    13 |       ||    13
         Quick blade       |       |       |       |       |   498 |   305 ||   803
  Throw: Stone             |     8 |     6 |    11 |    55 |       |       ||    80
         Dart              |       |     6 |    12 |    40 |    51 |     6 ||   115
         Javelin           |       |       |       |    14 |    56 |    37 ||   107
         Boomerang         |       |       |       |       |   108 |    47 ||   155
 Invoke: Heroism           |       |       |     1 |    10 |    15 |     3 ||    29
         Finesse           |       |       |       |     1 |       |       ||     1
         Receive Weapon    |       |       |       |       |     1 |       ||     1
         Receive Armour    |       |       |       |       |     1 |       ||     1
Ability: Begin Untransform |       |       |       |       |     1 |       ||     1
  Evoke: Wand              |       |       |    12 |     1 |    16 |     3 ||    32
         Condenser vane    |       |       |       |       |       |     2 ||     2
         Phial of floods   |       |       |       |       |       |     1 ||     1
    Use: Scroll            |       |     1 |     5 |     7 |    15 |     2 ||    30
         Potion            |       |       |       |       |     1 |     1 ||     2
   Stab: Sleeping          |     7 |    15 |    24 |    13 |    68 |    23 ||   150
         Distracted        |       |       |       |     2 |     7 |     2 ||    11
         Invisible         |       |       |       |       |     3 |     2 ||     5
         Confused          |       |       |       |       |       |     1 ||     1
 Armour: Skin              |    11 |    13 |    85 |   108 |   194 |    63 ||   474
  Dodge: Dodged            |    21 |    18 |    60 |   142 |   252 |    76 ||   569
  Block: Buckler           |       |     2 |    32 |   147 |   139 |       ||   320
         Reflection        |       |       |       |     4 |    13 |    32 ||    49
         Kite shield       |       |       |       |       |    63 |    93 ||   156
